 Dungeon Crawl Stone Soup version 0.27-a0-1200-g94dc6ad4cf (webtiles) character file.

Game seed: 2828934230235898734

1477 Glokmah the Thaumaturge (level 8, 0/58 HPs)
             Began as a Gnoll Hedge Wizard on May 30, 2021.
             Was a Priest of Trog.
             Slain by an ice beast (4 damage)
             ... on level 5 of the Dungeon.
             The game lasted 00:11:16 (6216 turns).

Glokmah the Thaumaturge (Gnoll Hedge Wizard)        Turns: 6216, Time: 00:11:16

Health: 0/58       AC:  7    Str: 11    XL:     8   Next: 78%
Magic:  20/20      EV: 10    Int: 20    God:    Trog [***...]
Gold:   401        SH:  0    Dex: 12    Spells: 20/23 levels left

rFire    . . .     SeeInvis .   y - +0 war axe
rCold    . . .     Faith    .   (no shield)
rNeg     . . .     Spirit   .   j - +0 scale mail
rPois    .         Reflect  .   c - +1 hat
rElec    .         Harm     .   (no cloak)
rCorr    .         Rampage  .   (no gloves)
Will     .....                  (no boots)
Stlth    ++........             (no amulet)
HPRegen  0.19/turn              l - +6 ring of intelligence
MPRegen  0.17/turn              (no ring)

@: about to teleport, on berserk cooldown, slowed, very slow
A: fangs 1, strong nose, distributed training
a: Renounce Religion, Berserk, Trog's Hand


You were on level 5 of the Dungeon.
You worshipped Trog.
Trog was most pleased with you.
You visited 1 branch of the dungeon, and saw 5 of its levels.
You also visited: Ossuary.

You collected 401 gold pieces.

Inventory:

Hand Weapons
 a - a +1 short sword
 b - a +2 dagger of venom
 y - a +0 war axe (weapon)
Missiles
 p - 19 poisoned darts (quivered)
Armour
 c - a +1 hat (worn)
 g - a +0 chain mail
 j - a +0 scale mail (worn)
Jewellery
 l - a +6 ring of intelligence (left hand)
 n - a ring of ice
Wands
 o - a wand of digging (4)
Scrolls
 f - 5 scrolls of enchant weapon
 h - a scroll of teleportation
 k - a scroll of summoning
 t - 2 scrolls of fog
 u - a scroll of magic mapping
 z - a scroll of immolation
Potions
 e - 5 potions of brilliance
 m - 2 potions of lignification
 q - a potion of invisibility
 s - 2 potions of mutation
 v - a potion of attraction
 w - a potion of might {unknown}
 x - a potion of haste {unknown}


   Skills:
 + Level 3.5 Fighting
 + Level 3.5 Short Blades
 + Level 3.5 Long Blades
 + Level 3.5 Axes
 + Level 3.5 Maces & Flails
 + Level 3.5 Polearms
 + Level 3.5 Staves
 + Level 3.5 Slings
 + Level 3.5 Bows
 + Level 3.5 Crossbows
 + Level 3.5 Throwing
 + Level 3.5 Armour
 + Level 5.9 Dodging
 + Level 5.5 Stealth
 + Level 3.5 Shields
 + Level 3.5 Unarmed Combat
 + Level 8.0 Spellcasting
 + Level 3.7 Conjurations
 + Level 2.9 Hexes
 + Level 3.7 Summonings
 + Level 2.9 Necromancy
 + Level 3.7 Translocations
 + Level 2.9 Transmutations
 + Level 2.9 Fire Magic
 + Level 2.9 Ice Magic
 + Level 2.9 Air Magic
 + Level 2.9 Earth Magic
 + Level 2.9 Poison Magic
 + Level 3.9 Invocations
 + Level 3.5 Evocations


You had 20 spell levels left.
You knew the following spells:

 Your Spells              Type           Power      Damage    Failure   Level
a - Magic Dart            Conj           88%        1d7       10%         1
b - Blink                 Tloc           N/A        N/A       16%         2

Your spell library contained the following spells:

 Spells                   Type           Power      Damage    Failure   Level
 Call Imp                 Summ           22%        N/A       16%         2
 Slow                     Hex            19%        N/A       21%         2
 Conjure Flame            Conj/Fire      21%        6-21      34%         3
 Mephitic Cloud           Conj/Pois/Air  20%        N/A       36%         3


Dungeon Overview and Level Annotations

Branches:
Dungeon (5/15)            Ossuary (visited)
 Temple: D:4-7

Altars:
Hepliaklqana
Trog
Yredelemnul

Shops:
D:1 *


Innate Abilities, Weirdness & Mutations

You have very sharp teeth.
Your uncanny sense of smell can sniff out nearby items.
Your experience applies equally to all skills.


Message History

Trog's vigour flows through your veins.
You are exhausted.
You feel yourself slow down.
You feel extremely sick. The water moccasin bites you.
You are more poisoned.
The water moccasin poisons you! The ice beast hits you.
The ice beast freezes you!
* * * LOW HITPOINT WARNING * * *
The water moccasin bites you.
* * * LOW HITPOINT WARNING * * *
You feel better. The water moccasin barely misses you.
The ice beast hits you but does no damage.
The water moccasin bites you but does no damage.
You closely miss the ice beast. You barely miss the water moccasin.
Your skin stops crawling.
You feel less strong-willed. The water moccasin bites you.
* * * LOW HITPOINT WARNING * * *
You are poisoned.
The water moccasin poisons you! The ice beast barely misses you.
The water moccasin barely misses you.
The ice beast hits you but does no damage.
A hound comes into view.
As you read the scroll of teleportation, it crumbles to dust.
You feel strangely unstable.
You feel very sick. The water moccasin bites you.
* * * LOW HITPOINT WARNING * * *
The ice beast barely misses you. The water moccasin closely misses you.
The ice beast hits you.
* * * LOW HITPOINT WARNING * * *
The ice beast freezes you.
* * * LOW HITPOINT WARNING * * *
The water moccasin closely misses you.
You feel better.
The hound barks!
The water moccasin bites you!
* * * LOW HITPOINT WARNING * * *
The ice beast hits you.
You die...

#.......##.#..###.......,
#.....#.#8##### *.....#**
#.......÷.#...###.....#
######.##.............#**
#...##......####...,
*****###.##......# *****
*,,,,,*#......#..######**
******,,,,,##.).###.........,,
*,,,,,,,,.,#.@..............,,
*,****,,,.(#SY#.##..####..##**
*,**,,,,,...ZZ#....### *#.# *
*,*,,****#..h.##.....# #.#
*,,,,,**#........###.####.# *
*,,*,,,#...#..#........##.####
*,,**,.)..##..##.####.........
*,,***?⌠?#*#.###.#*#.†........
**,**,,,,,**,,*#.#>..####..###


You could see a water moccasin, an ice beast, a hound, a scorpion zombie and a
centaur skeleton.

Vanquished Creatures
  A wyvern (D:4)
  The ghost of Conn the Firebug, an amateur DEFE (D:3)
  A black bear (D:4)
  2 ice beasts (D:5)
  A centaur (D:5)
  An ogre (D:4)
  A phantom (D:5)
  A scorpion (D:5)
  A gnoll sergeant (D:5)
  A water moccasin skeleton (D:4)
  A howler monkey (D:4)
  2 centaur zombies (D:5)
  A bullfrog skeleton (D:5)
  A hound (D:4)
  2 iguanas
  8 mummies (Ossuary)
  5 gnolls (D:5)
  7 adders
  3 worms
  2 dart slugs
  7 orcs
  10 endoplasms
  5 giant cockroaches
  A gnoll zombie (Ossuary)
  5 goblins
  10 hobgoblins
  6 jackals
  A quokka (D:3)
  10 ball pythons
  4 bats
  5 frilled lizards
  10 kobolds
  5 kobold zombies (Ossuary)
  2 orc zombies (Ossuary)
  4 rats
128 creatures vanquished.

Notes
Turn   | Place    | Note
-------+----------+-------------------------------------------
     0 | D:1      | Glokmah the Gnoll Hedge Wizard began the quest for the Orb.
     0 | D:1      | Reached XP level 1. HP: 13/13 MP: 8/8
   101 | D:1      | Reached XP level 2. HP: 14/19 MP: 0/10
   257 | D:1      | Learned a level 2 spell: Blink
   260 | D:1      | Learned a level 2 spell: Call Imp
   471 | D:1      | Reached XP level 3. HP: 25/25 MP: 7/11
   511 | D:1      | Found Ikhuh's General Store.
   660 | D:1      | Found a faded altar of an unknown god.
   663 | D:1      | Became a worshipper of Trog the Wrathful
   663 | D:1      | Reached * piety under Trog
  1143 | D:1      | Reached skill level 1 in Invocations
  1392 | D:2      | Found a basalt altar of Yredelemnul.
  1466 | D:2      | Reached skill level 1 in Fighting
  1466 | D:2      | Reached skill level 1 in Short Blades
  1466 | D:2      | Reached skill level 1 in Long Blades
  1466 | D:2      | Reached skill level 1 in Axes
  1466 | D:2      | Reached skill level 1 in Maces & Flails
  1466 | D:2      | Reached skill level 1 in Polearms
  1466 | D:2      | Reached skill level 1 in Staves
  1466 | D:2      | Reached skill level 1 in Slings
  1466 | D:2      | Reached skill level 1 in Bows
  1466 | D:2      | Reached skill level 1 in Crossbows
  1466 | D:2      | Reached skill level 1 in Throwing
  1466 | D:2      | Reached skill level 1 in Armour
  1466 | D:2      | Reached skill level 1 in Shields
  1466 | D:2      | Reached skill level 1 in Unarmed Combat
  1466 | D:2      | Reached skill level 1 in Evocations
  1628 | D:2      | Reached XP level 4. HP: 16/32 MP: 13/13
  1946 | D:2      | Reached skill level 1 in Hexes
  1946 | D:2      | Reached skill level 1 in Necromancy
  1946 | D:2      | Reached skill level 1 in Transmutations
  1946 | D:2      | Reached skill level 1 in Fire Magic
  1946 | D:2      | Reached skill level 1 in Ice Magic
  1946 | D:2      | Reached skill level 1 in Air Magic
  1946 | D:2      | Reached skill level 1 in Earth Magic
  1946 | D:2      | Reached skill level 1 in Poison Magic
  2943 | D:3      | Reached ** piety under Trog
  3045 | D:3      | Found a runed translucent door.
  3060 | D:3      | Reached XP level 5. HP: 37/37 MP: 14/14
  3751 | D:3      | Found a hazy altar of Hepliaklqana.
  3904 | D:3      | Noticed Conn's ghost (amateur DEFE)
  3914 | D:3      | Killed Conn's ghost
  3915 | D:3      | Reached XP level 6. HP: 44/44 MP: 16/16
  4069 | D:4      | Noticed a black bear
  4077 | D:4      | Killed a black bear
  4078 | D:4      | Reached skill level 5 in Dodging
  4237 | D:4      | Reached XP level 7. HP: 31/50 MP: 18/18
  4532 | D:4      | Noticed a wyvern
  4540 | D:4      | Killed a wyvern
  4826 | D:4      | Reached skill level 5 in Stealth
  4967 | D:5      | Entered Level 5 of the Dungeon
  5011 | D:5      | HP: 1/51 [gnoll/+0 halberd (10)]
  5077 | D:5      | Reached XP level 8. HP: 25/57 MP: 19/19
  5117 | D:5      | Found a sand-covered staircase.
  5126 | Ossuary  | Entered an ossuary
  5179 | Ossuary  | Reached *** piety under Trog
  5952 | D:5      | Reached skill level 8 in Spellcasting
  6215 | D:5      | HP: 1/58 [ice beast (5)]
  6216 | D:5      | Slain by an ice beast

Illustrated notes

Levels and vault maps discovered:
D:1:      wander_arrival_estate, layout_loops_ring, serial_shops, shop,
          shapermc_ecumenical_altar_mp_ritualfount, minmay_crystal_room,
          minmay_misc_feat_chi
D:2:      layout_rooms, basic_altar, grunt_decor_clamped,
          guppyfry_early_lair_pool
D:3:      layout_loops_cross, marbit_many_paths, ebering_ghost_reflecting_pool,
          minmay_misc_feat_plants
D:4:      layout_loops_cross
D:5:      layout_rooms, lightli_ossuary_entry_decrepit_ruins, minivault_23,
          minmay_circle_x

Skill      XL: |  1  2  3  4  5  6  7  8 |
---------------+-------------------------+-----
Conjurations   | 2 3 |  3.7
Summonings     | 2 3 |  3.7
Translocations | 2 3 |  3.7
Invocations    | 1 2 3 |  3.9
Fighting       | 1 2 3 |  3.5
Short Blades   | 1 2 3 |  3.5
Long Blades    | 1 2 3 |  3.5
Axes           | 1 2 3 |  3.5
Maces & Flails | 1 2 3 |  3.5
Polearms       | 1 2 3 |  3.5
Staves         | 1 2 3 |  3.5
Slings         | 1 2 3 |  3.5
Bows           | 1 2 3 |  3.5
Crossbows      | 1 2 3 |  3.5
Throwing       | 1 2 3 |  3.5
Armour         | 1 2 3 |  3.5
Shields        | 1 2 3 |  3.5
Unarmed Combat | 1 2 3 |  3.5
Evocations     | 1 2 3 |  3.5
Hexes          | 1 2 |  2.9
Necromancy     | 1 2 |  2.9
Transmutations | 1 2 |  2.9
Fire Magic     | 1 2 |  2.9
Ice Magic      | 1 2 |  2.9
Air Magic      | 1 2 |  2.9
Earth Magic    | 1 2 |  2.9
Poison Magic   | 1 2 |  2.9
Dodging        | 5 |  5.9
Stealth        | 5 |  5.5
Spellcasting   | 8 |  8.0

Action                   |  1- 3 |  4- 6 |  7- 9 || total
-------------------------+-------+-------+-------++-------
Melee: Dagger            |     3 |    71 |    70 ||   144
       Bite              |     8 |    12 |    22 ||    42
       Short sword       |    97 |    92 |       ||   189
       Punch             |       |     1 |     1 ||     2
       War axe           |       |       |    86 ||    86
Throw: Dart              |       |       |     7 ||     7
 Cast: Magic Dart        |    48 |       |       ||    48
Invok: Berserk           |     2 |     5 |     9 ||    16
       Trog's Hand       |       |       |     5 ||     5
  Use: Scroll            |       |     8 |     9 ||    17
       Potion            |       |       |     4 ||     4
 Stab: Sleeping          |     3 |       |       ||     3
Armor: Robe              |     8 |       |       ||     8
       Ring mail         |    28 |     1 |       ||    29
       Scale mail        |       |    61 |    84 ||   145
Dodge: Dodged            |    79 |    63 |   117 ||   259

Table legend: (Time is in decaauts)
 A = Elapsed time spent in this place.
 B = Non-inter-level travel time spent in this place.
 C = Inter-level travel time spent in this place.
 D = Time resting spent in this place.
 E = Time spent auto-exploring this place.
 F = Levels seen in this place.
 G = Mean time per level.
                   A        B        C        D        E       F      G
               +--------+--------+--------+--------+--------+-----+--------+
         Total |   6359 |   6059 |    300 |   1243 |   3480 |   6 | 1059.8 |
       Dungeon |   5539 |   5239 |    300 |    684 |   3462 |   5 | 1107.8 |
       Ossuary |    820 |    820 |      0 |    558 |     18 |   1 |  820.0 |
               +--------+--------+--------+--------+--------+-----+--------+

Top non-repeatable levels by time:
     D:2: 1436 daAuts
     D:1: 1331 daAuts
     D:3: 1287 daAuts
     D:4: 990 daAuts
 Ossuary: 820 daAuts
     D:5: 493 daAuts
